 Dungeon Crawl Stone Soup version 0.20.1-1-g8b1a95d (webtiles) character file.

251 Gargoyl the Skirmisher (level 5, -1/48 HPs)
             Began as a Minotaur Abyssal Knight on Oct 6, 2017.
             Was a Follower of Lugonu.
             Killed from afar by Ijyb (9 damage)
             ... with a wand of acid (?/15)
             ... on level 3 of the Dungeon.
             The game lasted 00:04:24 (1992 turns).

Gargoyl the Skirmisher (Minotaur Abyssal Knight)    Turns: 1992, Time: 00:04:25

Health: -1/48      AC:  8    Str: 16    XL:     5   Next: 88%
Magic:  6/6        EV:  5    Int:  9    God:    Lugonu [*.....]
Gold:   97         SH:  0    Dex: 11    Spells: 4/4 levels left

rFire    . . .     SeeInvis .   a - +1 hand axe
rCold    . . .     Gourm    .   (no shield)
rNeg     . . .     Faith    .   d - +0 plate armour (curse)
rPois    .         Spirit   .   (helmet restricted)
rElec    .         Reflect  .   (no cloak)
rCorr    .         Harm     .   (no gloves)
MR       .....                  (no boots)
Stlth    ..........             (no amulet)
Regen    0.2/turn               (no ring)
MPRegen  0.1/turn               (no ring)

@: corroded
A: retaliatory headbutt, horns 2
a: Depart the Abyss, Renounce Religion


You were on level 3 of the Dungeon.
You worshipped Lugonu.
Lugonu was aware of your devotion.
You were not hungry.

You visited 1 branch of the dungeon, and saw 3 of its levels.
You visited the Abyss 1 time.

You collected 97 gold pieces.

Inventory:

Hand Weapons
 a - a +1 hand axe (weapon)
Armour
 d - a cursed +0 plate armour (worn)
Jewellery
 f - an uncursed ring of protection from magic {unknown}
 m - a cursed ring of loudness {unknown}
Scrolls
 g - 2 scrolls of teleportation {unknown}
 h - a scroll of identify {unknown}
 i - a scroll of fog {unknown}
 l - a scroll of random uselessness {unknown}
 n - a scroll of amnesia {unknown}
Potions
 b - a potion of invisibility
 e - a potion of flight
 k - a potion of lignification {unknown}
 p - a potion of heal wounds {unknown}
Comestibles
 c - 2 bread rations
 j - a meat ration
 o - 2 chunks of flesh


   Skills:
 + Level 5.1 Fighting
 + Level 4.3 Axes
 * Level 4.4 Armour
 + Level 1.1 Dodging
 * Level 2.9 Invocations


You had 4 spell levels left.
You didn't know any spells.

Dungeon Overview and Level Annotations

Branches:
Dungeon (3/15)

Altars:

Annotations:
D:3 Ijyb


Innate Abilities, Weirdness & Mutations

You reflexively headbutt those who attack you in melee.
You have a pair of horns on your head.


Message History

Lugonu accepts your kill.
Natasha growls in agony!
The crimson imp disappears in a puff of smoke! x2
You hit Ijyb but do no damage.
Ijyb zaps a wand.
The bolt of acid hits you! The acid corrodes you!
You are splashed with acid!
The acid burns!
It is a wand of acid (?/15).
Ijyb screams, "Me very upset!"
Ijyb barely misses you.
You see here the felid corpse of Natasha.
Unknown command.
You hit Ijyb.
Ijyb is lightly wounded.
Ijyb hits you but does no damage.
You hit Ijyb.
Ijyb is moderately wounded.
Ijyb zaps a wand.
The bolt of acid hits you! The acid corrodes you!
You are splashed with acid!
The acid burns!
* * * LOW HITPOINT WARNING * * *
Ijyb zaps a wand.
The bolt of acid hits you!
You die...

#.# #.# #.# #.#.##.#
.>...#.# # #.#..#.#
#.#.#..#.# #.#.#..#.#
##.#.#..#.###########
#...@#..#............
#...g.......#########
#....##.###.# .......
#..!....# #.# #######
#...##### ..# # #.(.
#.# # #... ..#
#.##### #... 8.#
#...... #... #.#
######.


You could see Ijyb.

Vanquished Creatures
  Sigmund (D:2)
  Natasha (D:3)
  2 adders (D:2)
  An ooze (D:1)
  A dart slug (D:1)
  4 leopard geckos
  A ball python (D:1)
  4 giant cockroaches
  A goblin (D:2)
  8 hobgoblins
  2 bats (D:1)
  3 frilled lizards (D:1)
  9 kobolds
  2 rats (D:1)
40 creatures vanquished.

Notes
Turn   | Place    | Note
-------+----------+-------------------------------------------
     0 | Abyss:1  | Gargoyl the Minotaur Abyssal Knight began the quest for the Orb.
     0 | Abyss:1  | Reached XP level 1. HP: 19/19 MP: 1/1
    81 | Abyss:2  | Noticed a large abomination
   108 | Abyss:2  | Noticed a small abomination
   116 | D:1      | Escaped the Abyss
   174 | D:1      | Reached skill level 4 in Fighting
   296 | D:1      | Reached XP level 2. HP: 27/27 MP: 2/2
   418 | D:1      | Reached * piety under Lugonu
   756 | D:1      | Reached XP level 3. HP: 34/34 MP: 3/3
  1124 | D:2      | Noticed Sigmund
  1156 | D:2      | Killed Sigmund
  1156 | D:2      | Reached skill level 5 in Fighting
  1156 | D:2      | Reached XP level 4. HP: 30/42 MP: 3/5
  1156 | D:2      | Reached XP level 5. HP: 34/48 MP: 3/6
  1980 | D:3      | Noticed Natasha
  1981 | D:3      | Noticed Ijyb
  1989 | D:3      | Killed Natasha
  1992 | D:3      | Killed from afar by Ijyb

Skill      XL: |  1  2  3  4  5 |
---------------+----------------+-----
Fighting       | 4 5 |  5.1
Invocations    | 2 |  2.9
Armour         | 4 |  4.4
Axes           | 3 4 |  4.3
Dodging        | |  1.1

Action                   |  1- 3 |  4- 6 || total
-------------------------+-------+-------++-------
Melee: Hand axe          |    80 |    38 ||   118
       Headbutt          |    12 |       ||    12
Invok: Depart the Abyss  |     1 |       ||     1
  Use: Scroll            |     1 |       ||     1
       Potion            |     3 |       ||     3
  Eat: Chunk             |       |     3 ||     3
Armor: Plate armour      |    71 |    29 ||   100
       Leather armour    |     1 |       ||     1
Dodge: Dodged            |    27 |    20 ||    47
